 Dungeon Crawl Stone Soup version 0.30-b1-2-g02819fbbbe (webtiles) character file.

Game seed: 12341812792471780777

8 protoss039 the Digger (level 2, 20/20 HPs)
             Began as a Demonspawn Earth Elementalist on July 4, 2023.
             Got out of the dungeon alive.
             The game lasted 00:00:24 (240 turns).

protoss039 the Digger (DsEE)                         Turns: 240, Time: 00:00:24

Health: 20/20      AC:  2    Str:  8    XL:     2   Next: 0%
Magic:  5/5        EV: 12    Int: 16    God:
Gold:   0          SH:  0    Dex: 13    Spells: 4/5 levels left

rFire   . . .        d - +1 spear (vamp)
rCold   . . .        (no shield)
rNeg    . . .        a - +0 robe
rPois   .            (no helmet)
rElec   .            (no cloak)
rCorr   .            (no gloves)
SInv    .            (no boots)
Will    .....        (no amulet)
Stlth   ++           (no ring)
HPRegen 0.23/turn    (no ring)
MPRegen 0.09/turn

%: no passive effects
@: no status effects
A: demonic guardian 1
a: no special abilities


You escaped.
You visited 1 branch of the dungeon, and saw 1 of its levels.

Inventory:

Hand Weapons
 d - a +1 vampiric spear (weapon)
Armour
 a - a +0 robe (worn)
Scrolls
 e - a scroll of identify {unknown}
 f - a scroll of teleportation {unknown}
Potions
 b - 2 potions of magic
 c - a potion of brilliance {unknown}


   Skills:
 + Level 0.8 Fighting
 - Level 1.7 Dodging
 - Level 1.7 Stealth
 + Level 2.2 Spellcasting
 - Level 0.8 Transmutations
 + Level 2.9 Earth Magic


You had 4 spell levels left.
You knew the following spells:

 Your Spells              Type           Power      Damage    Failure   Level
a - Sandblast             Erth           22%        2d7       6%          1

Your spell library contained the following spells:

 Spells                   Type           Power      Damage    Failure   Level
 Passwall                 Tmut/Erth      5%         N/A       14%         2
 Cigotuvi's Dreadful Rot  Necr/Pois/Air  2%         N/A       30%         2
 Stone Arrow              Conj/Erth      12%        3d7       32%         3
 Ignite Poison            Fire/Tmut/Pois 2%         N/A       47%         3
 Petrify                  Tmut/Erth      7%         N/A       67%         4
 Freezing Cloud           Conj/Ice/Air   0%         6-21      99%         5


Dungeon Overview and Level Annotations

Branches:
Dungeon (1/15) Zot: 5757

Altars:


Innate Abilities, Weirdness & Mutations

A weak demonic guardian rushes to your aid.


Message History

A goblin is nearby!
A goblin is nearby!
You hit the goblin but do no damage. The goblin misses you.
A goblin is nearby!
You closely miss the goblin. The goblin misses you. x2
A goblin is nearby!
You closely miss the goblin. The goblin completely misses you.
A goblin is nearby!
You hit the goblin.
The goblin is severely wounded.
The goblin hits you with a +0 club.
A goblin is nearby!
A goblin is nearby!
You hit the goblin.
You kill the goblin!
An endoplasm comes into view.
You reach to attack!
The endoplasm quivers.
You hit the endoplasm.
You feel better.
The endoplasm is almost dead.
An endoplasm is nearby!
You hit the endoplasm.
You kill the endoplasm!
e - a scroll labelled ZEWONAR HOSSI No target in view!
A rat comes into view.
A rat is nearby!
You barely miss the rat. The rat closely misses you.
A rat is nearby!
You closely miss the rat. The rat misses you.
A rat is nearby!
You hit the rat.
You kill the rat!
You have reached level 2!
Your demonic ancestry asserts itself...
You feel the presence of a demonic guardian.
f - a scroll labelled IFI WOHIYKAISA
There is a staircase leading out of the dungeon here.
Are you sure you want to leave the Dungeon?
This will make you lose the game!
You have escaped!

...##.# ##...## ###.##
..###.#######
#.....###.....
....†.......#
#.......††..##
....###..##....
#..##.###.### #.#.
###.##### ####.## #.# #
# ##...###
###...#####.####
###...###...###......)..
##.......## #####.###.
###.@.### #.###.
##.......## #.....
###...###(..### #..##.
#...### ###...#####..##.
#.#### ####.##....... ..
##...##.##. ##
######.##. #.... ####.


There were no monsters in sight!

Vanquished Creatures
  An endoplasm (D:1)
  A goblin (D:1)
  A hobgoblin (D:1)
  A ball python (D:1)
  2 bats (D:1)
  2 rats (D:1)
8 creatures vanquished.

Notes
Turn   | Place    | Note
-------+----------+-------------------------------------------
     0 | D:1      | protoss039 the Demonspawn Earth Elementalist began the
                  | quest for the Orb.
     0 | D:1      | Reached XP level 1. HP: 13/13 MP: 3/3
   226 | D:1      | Gained mutation: A weak demonic guardian rushes to your
                  | aid. [demonic ancestry]
   226 | D:1      | Reached XP level 2. HP: 20/20 MP: 5/5
   240 | D:$      | Got out of the dungeon alive.

Illustrated notes

Levels and vault maps discovered:
D:1:      dpeg_arrival_simpleton_a, layout_loops_ring

Action                     || total
---------------------------++-------
  Melee: Spear             ||    28
         Unarmed           ||     2
   Cast: Sandblast         ||     1
   Stab: Sleeping          ||     1
 Armour: Robe              ||     9
  Dodge: Dodged            ||    15
